 Dungeon Sprint DCSS version 0.19-a0-1532-g228a5d9 (webtiles) character file.

137 poirepourri the Covert (level 5, 0/24 HPs)
             Began as a Spriggan Enchanter on Sept 13, 2016.
             Was an Initiate of Dithmenos.
             Splashed by an oklob sapling wizard's acid (16 damage)
             ... in the Dungeon (Sprint IV: "Fedhas' Mad Dash").
             The game lasted 00:01:00 (236 turns).

poirepourri the Covert (Spriggan Enchanter)          Turns: 236, Time: 00:01:01

Health: 0/24       AC: -1    Str:  4    XL:     5   Next: 0%
Magic:  9/12       EV: 21    Int: 16    God:    Dithmenos [......]
Gold:   88         SH:  0    Dex: 18    Spells: 5 memorised, 1 level left

rFire  . . .     SeeInvis +     a - +1 dagger
rCold  . . .     Gourm    .     b - +1 robe
rNeg   . . .     Faith    .     (shield restricted)
rPois  .         Spirit   .     (helmet restricted)
rElec  .         Dismiss  .     (no cloak)
rCorr  .         Reflect  .     (gloves unavailable)
MR     .....     Harm     .     (boots unavailable)
Stlth  ++++++.... NoTele   +    k - amulet of invisibility {+Inv}
                                (no ring)
                                (no ring)

@: corroded, very quick
A: unfitting armour, see invisible, herbivore 3, speed 3, slow metabolism 2
a: Renounce Religion, Evoke Invisibility


You were in the Dungeon.
You worshipped Dithmenos.
Dithmenos was noncommittal.
You were not hungry.

You visited 1 branch You collected 88 gold pieces.

Inventory:

Hand Weapons
 a - a +1 dagger (weapon)
Armour
 b - a +1 robe (worn)
Jewellery
 k - the amulet of invisibility (around neck) {+Inv}
   (You found it in the Dungeon)

   [amulet of nothing]

   It lets you turn invisible.
Scrolls
 j - 2 scrolls of blinking
Potions
 e - a potion of curing
 f - a potion of heal wounds
 g - a potion of haste
 h - 2 potions of magic
 i - a potion of berserk rage
Books
 c - a book of Maledictions

   Spells                             Type                      Level
   a - Corona                         Hexes                        1
   b - Ensorcelled Hibernation        Hexes/Ice                    2
   c - Confuse                        Hexes                        3
   d - Tukima's Dance                 Hexes                        3
   e - Dazzling Spray                 Conjuration/Hexes            3
Comestibles
 d - 2 bread rations


   Skills:
 - Level 0.1 Fighting
 + Level 3.0 Short Blades
 + Level 5.7 Dodging
 + Level 11.6 Stealth
 + Level 4.5 Spellcasting
 + Level 6.3 Hexes


You had one spell level left.
You knew the following spells:

 Your Spells              Type           Power        Failure   Level  Hunger
a - Corona                Hex            ###....      1%          1    None
b - Ensorcelled Hibernat  Hex/Ice        ##....       10%         2    ##.....
c - Confuse               Hex            ###.....     4%          3    ###....
d - Tukima's Dance        Hex            ###.....     4%          3    ###....
e - Dazzling Spray        Conj/Hex       ##....       14%         3    ###....


Dungeon Overview and Level Annotations

Branches:
Dungeon (1/1)

Altars:
Cheibriados
Dithmenos
Elyvilon
Gozag
Hepliaklqana
Kikubaaqudgha
Makhleb
Nemelex Xobeh
Okawaru
Qazlal
Ru
Sif Muna
Trog
Uskayaw
Vehumet
Xom
Yredelemnul
Zin
The Shining One
Beogh
Jiyva
Lugonu

Annotations:
D exclusion: oklob sapling


Innate Abilities, Weirdness & Mutations

You are tiny and cannot use many weapons and most armour.
You have supernaturally acute eyesight. (SInv)
You are a herbivore.
You cover ground extremely quickly.
You need consume almost no food.


Message History

There is a white marble altar of Elyvilon here.
There is a corrupted altar of Lugonu here.
You open the door.
Marking area around the oklob sapling wizard as unsafe for travelling.
An oklob sapling wizard comes into view.
Found 23 gold pieces.
There is an open door here.
The oklob sapling wizard casts a cantrip, but nothing happens.
You hit the oklob sapling wizard but do no damage.
Unknown command.
Casting: Corona
Confirm with . or Enter, or press ? or * to list all spells.
Aiming: Confuse
Press: ? - help, Shift-Dir - straight line, f - oklob sapling wizard
Aim: an oklob sapling wizard (chance to defeat MR: 52%)
The oklob sapling wizard resists with significant effort.
The oklob sapling wizard spits acid at you.
The splash of acid hits you! The acid corrodes you!
The acid burns!
Ouch! That really hurt!
You die...

###################
.#.⌠._._._._.⌠.#.$+
.'.._._._._._..'@P#
.#..._._._._...#..#
##.._._._._._..#.$#
.#.⌠._._._._.⌠.####
.############### ##


You could see an oklob sapling wizard.

Vanquished Creatures
  3 oklob saplings (D)
  A worker ant (D)
  A river rat (D)
  A rat (D)
6 creatures vanquished.

Notes
Turn   | Place    | Note
-------+----------+-------------------------------------------
     0 | D        | poirepourri the Spriggan Enchanter began the quest for the Orb.
     0 | D        | Reached XP level 1. HP: 9/9 MP: 5/5
    11 | D        | Reached skill level 7 in Stealth
    11 | D        | Reached XP level 2. HP: 13/13 MP: 6/6
    27 | D        | Learned a level 2 spell: Ensorcelled Hibernation
   141 | D        | Noticed an oklob sapling
   143 | D        | Killed an oklob sapling
   143 | D        | Reached skill level 9 in Stealth
   143 | D        | Reached XP level 3. HP: 16/16 MP: 8/8
   148 | D        | Learned a level 3 spell: Confuse
   153 | D        | Reached skill level 5 in Dodging
   153 | D        | Reached skill level 10 in Stealth
   174 | D        | Noticed an oklob sapling
   177 | D        | Killed an oklob sapling
   177 | D        | Reached skill level 5 in Hexes
   177 | D        | Reached XP level 4. HP: 21/21 MP: 8/10
   188 | D        | Learned a level 3 spell: Tukima's Dance
   202 | D        | Found an opulent altar of Gozag.
   202 | D        | Found a hazy altar of Hepliaklqana.
   202 | D        | Found a burning altar of Makhleb.
   202 | D        | Found a roughly hewn altar of Beogh.
   202 | D        | Found a sparkling altar of Nemelex Xobeh.
   202 | D        | Found a snail-covered altar of Cheibriados.
   202 | D        | Found a sacrificial altar of Ru.
   202 | D        | Found a deep blue altar of Sif Muna.
   202 | D        | Found a shimmering altar of Xom.
   202 | D        | Found a basalt altar of Yredelemnul.
   203 | D        | Found a viscous altar of Jiyva.
   203 | D        | Found a bloodstained altar of Trog.
   204 | D        | Found an iron altar of Okawaru.
   204 | D        | Found a shadowy altar of Dithmenos.
   204 | D        | Found a glowing silver altar of Zin.
   205 | D        | Found a hide-covered altar of Uskayaw.
   205 | D        | Found an ancient bone altar of Kikubaaqudgha.
   206 | D        | Found a stormy altar of Qazlal.
   206 | D        | Found a glowing golden altar of the Shining One.
   206 | D        | Found a white marble altar of Elyvilon.
   207 | D        | Found a radiant altar of Vehumet.
   207 | D        | Found a corrupted altar of Lugonu.
   210 | D        | Reached skill level 11 in Stealth
   210 | D        | Reached XP level 5. HP: 24/24 MP: 10/12
   215 | D        | Became a worshipper of Dithmenos the Shadowed
   220 | D        | Learned a level 3 spell: Dazzling Spray
   236 | D        | Splashed by an oklob sapling wizard's acid

Vault maps used:
D:        dungeon_sprint_fedhas

Skill      XL: |  1  2  3  4 |
---------------+-------------+-----
Stealth        | 7 9 10 11 | 11.6
Short Blades   | 2 3 |  3.0
Dodging        | 4 5 |  5.7
Spellcasting   | 3 4 |  4.5
Hexes          | 5 6 |  6.3
Fighting       | |  0.1

Action                   |  1- 3 |  4- 6 || total
-------------------------+-------+-------++-------
Melee: Dagger            |     8 |     2 ||    10
 Cast: Corona            |     1 |       ||     1
       Confuse           |       |     1 ||     1
 Stab: Sleeping          |     4 |     1 ||     5
Dodge: Dodged            |     2 |       ||     2
